 Dungeon Crawl Stone Soup version 0.21-a0-173-g99db44b (webtiles) character file.

58 Deeps the Skirmisher (level 4, -4/30 HPs)
             Began as a Kobold Berserker on Aug 8, 2017.
             Was a Believer of Trog.
             Slain by civil's ghost (10 damage)
             ... on level 3 of the Dungeon.
             The game lasted 00:03:50 (2342 turns).

Deeps the Skirmisher (Kobold Berserker)             Turns: 2342, Time: 00:03:51

Health: -4/30      AC:  2    Str: 15    XL:     4   Next: 21%
Magic:  4/4        EV: 15    Int:  8    God:    Trog [**....]
Gold:   95         SH:  0    Dex: 14    Spells: 3/3 levels left

rFire    + . .     SeeInvis .   a - +0 hand axe
rCold    x . .     Gourm    .   (shield restricted)
rNeg     . . .     Faith    .   b - +0 animal skin
rPois    .         Spirit   .   (no helmet)
rElec    .         Reflect  .   (no cloak)
rCorr    .         Harm     .   (no gloves)
MR       .....                  (no boots)
Stlth    +.........             (no amulet)
HPRegen  0.10/turn              h - ring of fire
MPRegen  0.09/turn              i - ring of flight

@: berserk cooldown, very slightly contaminated, slowed, invisible, very slow
A: carnivore 3
a: Berserk, Trog's Hand, Burn Spellbooks, Renounce Religion, Evoke Flight


You were on level 3 of the Dungeon.
You worshipped Trog.
Trog was pleased with you.
You were not hungry.

You visited 1 branch of the dungeon, and saw 3 of its levels.

You collected 95 gold pieces.

Inventory:

Hand Weapons
 a - a +0 hand axe (weapon)
Armour
 b - a +0 animal skin (worn)
Jewellery
 h - a ring of fire (left hand)
 i - a ring of flight (right hand)
Scrolls
 d - 2 scrolls of identify
 j - a scroll of remove curse
 l - a scroll of fog
Comestibles
 c - a meat ration
 o - 2 royal jellies


   Skills:
 + Level 4.3 Fighting
 + Level 3.0 Axes
 - Level 1.7 Armour
 - Level 2.8 Dodging


You had 3 spell levels left.
You didn't know any spells.

Dungeon Overview and Level Annotations

Branches:
Dungeon (3/15)

Altars:
Xom

Annotations:
D:3 civil's ghost, amateur MfSk


Innate Abilities, Weirdness & Mutations

You are small and have problems with some larger weapons.
You are carnivorous and can eat meat at any time.


Message History

You hit civil's ghost.
Civil's ghost's shroud falls apart!
Civil's ghost is almost destroyed.
Civil's ghost barely misses you.
You catch the helpless civil's ghost completely off-guard!
You hit civil's ghost but do no damage.
Civil's ghost is almost destroyed.
Civil's ghost casts a spell.
Space distorts along a thin shroud covering civil's ghost's form.
Civil's ghost says very slowly, "There's no hope."
Civil's ghost hits you.
* * * LOW HITPOINT WARNING * * *
You closely miss civil's ghost.
Civil's ghost is almost destroyed.
Civil's ghost hits you.
* * * LOW HITPOINT WARNING * * *
Civil's ghost misses you.
You closely miss civil's ghost.
Civil's ghost is almost destroyed.
Civil's ghost hits you!
You die...

#.# #.#### #.. .#
. ###?. .# ..
#...##.# ...
#.#.#..#
..#.##.#!#.###
........W....####
........@........
.......).....####
....#.รท...(..#
.............#
..%........."#
...[..########
...... ..#...
#..#..


You could see civil's ghost.

Vanquished Creatures
  An ooze (D:2)
  3 dart slugs (D:1)
  A leopard gecko (D:1)
  2 orcs (D:3)
  2 giant cockroaches
  6 goblins
  3 hobgoblins
  2 jackals (D:1)
  5 bats
  7 frilled lizards
  5 kobolds
  7 rats
44 creatures vanquished.

Notes
Turn   | Place    | Note
-------+----------+-------------------------------------------
     0 | D:1      | Deeps the Kobold Berserker began the quest for the Orb.
     0 | D:1      | Reached XP level 1. HP: 14/14 MP: 1/1
   333 | D:1      | Reached XP level 2. HP: 19/19 MP: 2/2
   641 | D:1      | Reached XP level 3. HP: 24/24 MP: 3/3
  1240 | D:2      | Found a shimmering altar of Xom.
  1560 | D:2      | Reached skill level 4 in Fighting
  1606 | D:2      | Reached ** piety under Trog
  1720 | D:2      | Reached XP level 4. HP: 26/29 MP: 4/4
  2102 | D:3      | Noticed civil's ghost (amateur MfSk)
  2342 | D:3      | Slain by civil's ghost

Vault maps used:
D:1:      dpeg_arrival_water_temple_mockup, serial_bayou, serial_bayou_ford_a,
          serial_bayou_pond_a, serial_bayou_lake_a, serial_bayou_pond_e,
          serial_bayou_lagoon_a
D:2:      xom_teletrap_fun
D:3:      lemuel_round_altar, minitemple

Skill      XL: |  1  2  3 |
---------------+----------+-----
Fighting       | 4 |  4.3
Axes           | 3 |  3.0
Armour         | |  1.7
Dodging        | |  2.8

Action                   |  1- 3 |  4- 6 || total
-------------------------+-------+-------++-------
Melee: Hand axe          |   112 |    65 ||   177
Invok: Berserk           |       |     1 ||     1
  Use: Scroll            |       |     6 ||     6
       Potion            |       |     2 ||     2
 Stab: Sleeping          |     1 |       ||     1
       Invisible         |       |     1 ||     1
  Eat: Chunk             |     2 |     1 ||     3
       Meat ration       |       |     1 ||     1
Armor: Animal skin       |    17 |    18 ||    35
Dodge: Dodged            |   104 |    85 ||   189
